Unix xNetHack Version 7.1.0 - last build Jun 10 2022 16:52:22 (33bbff3b7d1ce07880d5c4b1c5efc7e91935e5b9). Game began 2022-06-26 10:05:20, ended 2022-06-26 10:21:41. elenmirie, neutral female human Tourist -------- |......| ---- |......| -- |..#| |......| .)# |.... |......| # |...| .......| # |...| |......| # |...| -|------ # -.-.-# # ## ######### #### ## ### # ### # # ###-S-.--- ##### # #.@....| #-|--- |.....| #....| |.....| |...| ------- |...| ----- Elenmirie the Sightseer St:12 Dx:12 Co:14 In:13 Wi:8 Ch:17 Neutral Dlvl:5 $:1096 HP:0(42) Pw:20(20) AC:9 Xp:5/160 T:1832 Latest messages: The dart hits the water moccasin. The water moccasin bites! In what direction? k The dart misses the water moccasin. The water moccasin bites! In what direction? k The dart hits the water moccasin. The water moccasin bites! In what direction? k The dart hits the water moccasin! The water moccasin bites! The water moccasin bites! You climb up the stairs. You remember this level as exp water in shop. You hear Adjama cursing shoplifters. You stop searching. You miss the fog cloud. You miss the fog cloud. The fog cloud engulfs you! You are laden with moisture and can barely breathe! You rend the fog cloud. You rend the fog cloud. You hack the fog cloud. You destroy the fog cloud! Welcome to experience level 5. You hear the chime of a cash register. You are in full health. You descend the stairs. A water moccasin was hidden under 5 uncursed +2 darts! The water moccasin bites! The water moccasin's bite was poisoned! The water moccasin bites! In what direction? k The dart misses the water moccasin. The water moccasin bites! In what direction? k The dart misses the water moccasin. The water moccasin bites! In what direction? k The dart hits the water moccasin. The water moccasin bites! You miss the water moccasin. The water moccasin bites! The water moccasin's bite was poisoned! You die... Do you want your possessions identified? [ynq] (y) y Do you want to see your attributes? [ynq] (y) y Do you want an account of creatures vanquished? [ynaq] (y) y Do you want to see your conduct and achievements? [ynq] (y) y Do you want to see the dungeon overview? [ynq] (y) y Major events: Turn 1: elenmirie the neutral female human Tourist entered the dungeon 779: attained the rank of Sightseer (level 3) 1092: entered the Gnomish Mines 1401: bestowed with Mjollnir by The Lady 1832: killed by a water moccasin Inventory: Inventory: 411/700 weight (20/52 slots) Coins $ - 1096 gold pieces {11} Weapons a - 16 uncursed +2 darts (at the ready) {16} o - an uncursed +0 bone orcish dagger {3} r - a blessed +2 long sword (weapon in hand) {40} A - the uncursed rustproof +0 Mjollnir {50} Armor i - an uncursed +0 pair of low boots (being worn) {8} h - a blessed +0 Hawaiian shirt with a flamingo motif (being worn) {4} Comestibles b - 5 uncursed food rations {100} c - an uncursed fortune cookie {1} d - 3 uncursed tripe rations {30} Scrolls y - a cursed scroll of identify {5} g - 4 uncursed scrolls of magic mapping {20} p - an uncursed scroll of teleportation {5} Potions f - an uncursed potion of extra healing {20} q - a blessed potion of monster detection {20} n - a blessed potion of restore ability {20} Rings u - an uncursed ring of fire resistance {3} Tools t - an uncursed bell {30} k - an uncursed credit card {1} j - an uncursed expensive camera (0:90) {12} l - an uncursed leash {12} Elenmirie the Tourist's attributes: Background: You were a Sightseer, a level 5 female human Tourist. You were neutral, on a mission for The Lady who was opposed by Blind Io (lawful) and Offler (chaotic). You were heterosexual. You were in the Dungeons of Doom, on level 5. You entered the dungeon 1832 turns ago. You had 160 experience points, 160 more were needed to attain level 6. Basics: You had 0 out of 42 hit points. You had all 20 energy points (spell power). Your armor class was 9. Your wallet contained 1096 zorkmids. Autopickup was on for '$' plus thrown. Final Characteristics: Your strength was 12 (limit:18/100). Your dexterity was 12 (limit:18). Your constitution was 14 (limit:18). Your intelligence was 13 (limit:18). Your wisdom was 8 (limit:18). Your charisma was 17 (limit:18). Final Status: You were not hungry. You were unencumbered. You were wielding a long sword. You were unskilled in long sword. Final Attributes: You were devoutly aligned. You are dead. Miscellaneous: You encountered 1 bones level. Total elapsed playing time was 16 minutes and 19 seconds. Vanquished creatures: a small mimic a leprechaun a fog cloud a shrieker a kobold leader an iguana a gas spore a large kobold a giant rat a yellow mold a gnome zombie 3 jackals a kobold a goblin 2 grid bugs 2 lichens a kobold zombie 3 newts 24 creatures vanquished. No species were genocided or became extinct. Voluntary challenges: You read items or engraved 1 time. You never genocided any monsters. You never polymorphed an object. You never changed form. You used no wishes. You never owned a pet. You were celibate. You never generated conflict. Achievements: You attained the rank of Sightseer. You entered the Gnomish Mines. You entered a shop. The Dungeons of Doom: levels 1 to 5 Level 1: A fountain. Level 2: Some fountains. Level 3: A grave. Stairs down to The Gnomish Mines. Level 4: "exp water in shop" A general store, an altar to The Lady, a fountain. Level 5: <- You were here. A tree. Final resting place for you, killed by a water moccasin, elenmirie-Tou-Hum-Fem-Neu, killed by a water moccasin, while sleeping. The Gnomish Mines: Level 4: Game over: __________ / \ / REST \ / IN \ / PEACE \ / \ | elenmirie | | 1096 Au | | killed by a | | water moccasin | | | | | | 2022 | *| * * * | * _________)/\\_//(\/(/\)/\//\/|_)_______ Aloha elenmirie the Tourist... You died in The Dungeons of Doom on dungeon level 5 with 994 points, and 1096 pieces of gold, after 1832 moves. You were level 5 with a maximum of 42 hit points when you died.